 Dungeon Crawl Stone Soup version 0.28.0-47-ge53b351184 (webtiles) character file.

Game seed: 8507101349934472855

5744 Kaptain the Thaumaturge (level 10, -7/59 HPs)
             Began as a Deep Elf Earth Elementalist on Apr 30, 2022.
             Mangled by a six-headed hydra (12 damage)
             ... on level 8 of the Dungeon.
             The game lasted 00:18:35 (8734 turns).

Kaptain the Thaumaturge (DEEE)                      Turns: 8734, Time: 00:18:35

Health: -7/59      AC: 13    Str:  9    XL:     10   Next: 49%
Magic:  19/34      EV: 15    Int: 21    God:
Gold:   451        SH:  0    Dex: 15    Spells: 22/27 levels left

rFire   . . .      SeeInvis .   D - +3 falchion (flame)
rCold   . . .      Faith    .   (no shield)
rNeg    . . .      Spirit   .   y - +2 steam dragon scales
rPois   .          Reflect  .   d - +0 helmet
rElec   .          Harm     .   j - +2 cloak
rCorr   .          Rampage  .   (no gloves)
Will    +....                   h - +0 pair of boots
Stlth   +++.......              (no amulet)
HPRegen 0.19/turn               o - ring of magical power
MPRegen 0.24/turn               w - ring of wizardry

@: no status effects
A: no striking features
a: no special abilities


You were on level 8 of the Dungeon.
You visited 2 branches of the dungeon, and saw 9 of its levels.

You collected 451 gold pieces.

Inventory:

Hand Weapons
 e - a +3 short sword of venom
 n - a +0 fustibalus
 q - a +0 flail of draining
 s - a +0 trident
 B - a +0 mace of protection
 D - a +3 falchion of flaming (weapon)
Missiles
 c - 131 stones
 i - 79 sling bullets
 v - 3 throwing nets
Armour
 d - a +0 helmet (worn)
 g - a +0 ring mail
 h - a +0 pair of boots (worn)
 j - a +2 cloak (worn)
 p - a +0 leather armour
 y - +2 steam dragon scales (worn)
 L - a +0 buckler
Jewellery
 a - a +4 ring of evasion
 o - a ring of magical power (left hand)
 w - a ring of wizardry (right hand)
Wands
 r - a wand of polymorph (4)
 t - a wand of mindburst (21)
 I - a wand of acid (8)
Scrolls
 f - a scroll of immolation
 k - 5 scrolls of teleportation
 m - a scroll of acquirement
 u - a scroll of fog
 A - a scroll of amnesia
 F - 2 scrolls of brand weapon
Potions
 b - 2 potions of curing
 l - 2 potions of brilliance
 x - a potion of might
 z - a potion of flight
 C - 2 potions of lignification
 E - a potion of mutation
 H - a potion of berserk rage


   Skills:
 * Level 5.5 Fighting
 + Level 3.7 Armour
 + Level 6.3 Dodging
 - Level 5.0 Stealth
 + Level 2.0 Shields
 * Level 9.3 Spellcasting
 * Level 7.3 Conjurations
 - Level 1.1 Transmutations
 * Level 8.1 Earth Magic


You had 22 spell levels left.
You knew the following spells:

 Your Spells              Type           Power      Damage    Failure   Level
a - Sandblast             Erth           88%        2d18      1%          1
b - Stone Arrow           Conj/Erth      84%        3d12      1%          3
c - Animate Skeleton      Necr           18%        N/A       2%          1

Your spell library contained the following spells:

 Spells                   Type           Power      Damage    Failure   Level
 Passwall                 Tmut/Erth      24%        N/A       1%          2
 Dazzling Flash           Conj/Hex       50%        N/A       1%          3
 Apportation              Tloc           18%        N/A       2%          1
 Summon Small Mammal      Summ           36%        N/A       2%          1
 Petrify                  Tmut/Erth      29%        N/A       4%          4
 Agony                    Necr           9%         N/A       56%         5
 Silence                  Hex/Air        4%         N/A       56%         5


Dungeon Overview and Level Annotations

Branches:
Dungeon (8/15)             Temple (1/1) D:5
   Lair: D:8-11

Altars:
Ashenzari
Cheibriados
Dithmenos
Elyvilon
Fedhas
Gozag
Hepliaklqana
Kikubaaqudgha
Nemelex Xobeh
Qazlal
Sif Muna
Uskayaw
Vehumet
Zin
The Shining One

Shops:
D:4 *


Message History

Casting: Stone Arrow (safe; 1% risk of failure)
Confirm with . or Enter, or press ? or * to list all spells.
Aiming: Stone Arrow (safe; 1% risk of failure)
Press: ? - help, Shift-Dir - straight line, f/p - troll
Aim: a troll (moderately wounded, 76% to hit)
The stone arrow hits the six-headed hydra!!
The six-headed hydra is heavily wounded.
The six-headed hydra bites you!
The six-headed hydra closely misses you.
The six-headed hydra bites you but does no damage.
The six-headed hydra barely misses you.
The six-headed hydra completely misses you.
The six-headed hydra bites you!
Casting: Stone Arrow (safe; 1% risk of failure)
Confirm with . or Enter, or press ? or * to list all spells.
Aiming: Stone Arrow (safe; 1% risk of failure)
Press: ? - help, Shift-Dir - straight line, f/p - troll
Aim: a troll (moderately wounded, 76% to hit)
The stone arrow hits the six-headed hydra!
The six-headed hydra is heavily wounded.
The six-headed hydra bites you. x2
The six-headed hydra completely misses you.
The six-headed hydra closely misses you.
The six-headed hydra bites you but does no damage.
The six-headed hydra bites you!
Casting: Stone Arrow (safe; 1% risk of failure)
Confirm with . or Enter, or press ? or * to list all spells.
Aiming: Stone Arrow (safe; 1% risk of failure)
Press: ? - help, Shift-Dir - straight line, f/p - troll
Aim: a troll (moderately wounded, 76% to hit)
The stone arrow hits the six-headed hydra!!
The six-headed hydra is severely wounded.
The six-headed hydra bites you. The six-headed hydra bites you!
* * * LOW HITPOINT WARNING * * *
The six-headed hydra barely misses you. The six-headed hydra bites you.
* * * LOW HITPOINT WARNING * * *
The six-headed hydra bites you.
* * * LOW HITPOINT WARNING * * *
The six-headed hydra bites you!
You die...

#[P≈♣≈ .....### ..
##..≈≈≈##.##.#.# ...
...........#.#.# #
...###.######..#.#.# .#.#
.......######......##.#.#
..............<....>...#
#....#.####..#........# #
####P..####...........# ...
#.#P...TD@............#
PP≈≈.♣......#####........#.#
♣.≈≈P.......## #.#........#
#......#P....# ##.#........#
#P..P####...####.........#.#
#######............#......#.#
#......##.#######..#........#
#......##.#######..#.#...####
#......##.##.......#.....#


You could see a six-headed hydra and a troll.

Vanquished Creatures
  Harold (D:8)
  A two-headed ogre (D:8)
  Pikel (D:8)
  A manticore (D:7)
  Maggie (D:8)
  A hornet (D:7)
  A wraith (D:8)
  A wyvern (D:5)
  A water moccasin (D:6)
  2 ice beasts
  A sky beast (D:3)
  2 ogres
  4 centaurs
  2 phantoms
  2 lemures
  A kobold brigand (D:8)
  A bullfrog (D:6)
  A water moccasin zombie (D:7)
  A scorpion (D:6)
  11 killer bees (D:8)
  5 wights (D:7)
  3 electric eels (D:8)
  2 centaur zombies
  4 orc priests
  A hound (D:6)
  A centaur skeleton (D:6)
  A gnoll shaman (D:8)
  Terence (D:3)
  5 iguanas
  8 orc wizards
  A killer bee zombie (D:6)
  9 gnolls
  4 adders
  2 shadow imps (D:5)
  A white imp (D:6)
  2 ufetubi
  An adder skeleton (D:4)
  A worm (D:2)
  4 dart slugs
  19 orcs
  4 ball pythons
  6 bats
  5 endoplasms
  2 giant cockroaches
  7 hobgoblins
  3 quokkas
  4 frilled lizards (D:1)
  7 goblins
  7 kobolds
157 creatures vanquished.

Vanquished Creatures (others)
  An orc wizard (D:5)
  41 plants
42 creatures vanquished.

Grand Total: 199 creatures vanquished

Notes
Turn   | Place    | Note
-------+----------+-------------------------------------------
     0 | D:1      | Kaptain the Deep Elf Earth Elementalist began the quest for
                  | the Orb.
     0 | D:1      | Reached XP level 1. HP: 10/10 MP: 6/6
    84 | D:1      | Reached XP level 2. HP: 15/15 MP: 1/8
   483 | D:1      | Reached skill level 1 in Conjurations
   813 | D:1      | Found a faded altar of an unknown god.
   940 | D:2      | Reached XP level 3. HP: 20/20 MP: 7/9
  1231 | D:2      | Learned a level 3 spell: Stone Arrow
  1636 | D:3      | Found a blossoming altar of Fedhas.
  1648 | D:3      | Reached skill level 1 in Fighting
  1648 | D:3      | Reached XP level 4. HP: 25/25 MP: 11/11
  1747 | D:3      | Noticed Terence
  1751 | D:3      | Killed Terence
  1860 | D:3      | Found a sparkling altar of Nemelex Xobeh.
  2241 | D:4      | Found Buorph's Lightly-Used Armoury.
  2275 | D:4      | Noticed a sky beast
  2279 | D:4      | Reached skill level 4 in Spellcasting
  2279 | D:4      | Reached XP level 5. HP: 29/29 MP: 9/13
  2321 | D:3      | Killed a sky beast
  2322 | D:3      | Reached skill level 1 in Armour
  2684 | D:4      | Reached XP level 6. HP: 26/35 MP: 14/14
  3056 | D:4      | Found a broken altar of Ashenzari.
  3104 | D:4      | Found an opulent altar of Gozag.
  3291 | D:4      | Reached skill level 5 in Spellcasting
  3607 | D:5      | Entered Level 5 of the Dungeon
  3607 | D:5      | Noticed a wyvern
  3607 | D:5      | Found a staircase to the Ecumenical Temple.
  3672 | D:5      | Reached XP level 7. HP: 35/40 MP: 6/16
  3775 | D:5      | Killed a wyvern
  3983 | D:5      | Learned a level 1 spell: Animate Skeleton
  4002 | Temple   | Entered the Ecumenical Temple
  4490 | D:5      | Reached skill level 5 in Earth Magic
  4766 | D:5      | Found a shimmering blue altar of Sif Muna.
  5094 | D:6      | Reached XP level 8. HP: 46/46 MP: 14/18
  5179 | D:6      | Reached skill level 6 in Spellcasting
  6074 | D:7      | Reached skill level 5 in Conjurations
  6353 | D:7      | Reached skill level 7 in Spellcasting
  6619 | D:7      | Noticed a manticore
  6626 | D:7      | Killed a manticore
  6627 | D:7      | Reached skill level 5 in Dodging
  6627 | D:7      | Reached skill level 5 in Stealth
  6627 | D:7      | Reached XP level 9. HP: 22/52 MP: 18/22
  7269 | D:8      | Identified a scroll of acquirement
  7408 | D:8      | Noticed Harold
  7415 | D:8      | Killed Harold
  7416 | D:8      | Reached skill level 1 in Shields
  7416 | D:8      | Reached skill level 8 in Spellcasting
  7718 | D:8      | Noticed Pikel
  7732 | D:8      | Killed Pikel
  7733 | D:8      | Reached skill level 5 in Fighting
  7733 | D:8      | Reached XP level 10. HP: 55/59 MP: 11/24
  7745 | D:8      | Noticed Maggie
  7769 | D:8      | Killed Maggie
  7915 | D:8      | Found a glowing silver altar of Zin.
  8166 | D:8      | Reached skill level 9 in Spellcasting
  8494 | D:8      | Noticed a two-headed ogre
  8502 | D:8      | Killed a two-headed ogre
  8721 | D:8      | Noticed a six-headed hydra
  8734 | D:8      | Mangled by a six-headed hydra

Illustrated notes

Levels and vault maps discovered:
D:1:      psy_arrival_conway, layout_rooms, ebering_ecumenical_altar_sacrificial
D:2:      layout_basic, minmay_misc_feat_room
D:3:      layout_rooms, nemelex_diamond_rough_becter, fedhas_ov_isle_minmay,
          uniq_terence
D:4:      layout_cave_pools, nicolae_ashenzari_panopticon,
          nicolae_gozag_cash_rules_everything_around_me, minmay_shop_damaged
D:5:      layout_basic, led_sif_book, minmay_temple_entry_junction,
          water_maze_lemuel
D:6:      layout_rooms
D:7:      layout_cave_pools, grunt_ministairs_13, minivault_24,
          kennysheep_big_empty_room
D:8:      layout_basic, kennysheep_mini_moat, serial_bayou, serial_bayou_pond_b,
          serial_bayou_lagoon_a, serial_bayou_pond_d, serial_bayou_shore_b,
          serial_bayou_pond_d, enter_ossuary_2, hellmonk_guarded_unrand_vines,
          uniq_maggie, uniq_harold, uniq_pikel
Temple:   jpeg_temple_island

Skill      XL: |  1  2  3  4  5  6  7  8  9 10 |
---------------+-------------------------------+-----
Conjurations   | 1 2 3 4 5 6 7 |  7.3
Fighting       | 1 2 3 4 5 |  5.5
Dodging        | 3 4 5 6 |  6.3
Spellcasting   | 4 5 7 8 9 |  9.3
Armour         | 1 2 3 |  3.7
Stealth        | 3 4 5 |  5.0
Earth Magic    | 4 5 6 7 8 |  8.1
Shields        | 1 2 |  2.0
Transmutations | |  1.1

Action                   |  1- 3 |  4- 6 |  7- 9 | 10-12 || total
-------------------------+-------+-------+-------+-------++-------
Melee: Unarmed           |     7 |       |       |       ||     7
       Short sword       |       |     4 |       |       ||     4
       Falchion          |       |       |     3 |       ||     3
 Fire: Fustibalus        |    38 |    51 |    30 |       ||   119
 Cast: Sandblast         |    45 |     8 |    15 |    15 ||    83
       Stone Arrow       |       |    46 |   113 |    23 ||   182
Evoke: Wand              |       |       |       |     8 ||     8
  Use: Scroll            |     1 |     2 |    11 |     3 ||    17
       Potion            |       |       |       |     4 ||     4
Armor: Robe              |     5 |       |       |       ||     5
       Leather armour    |     2 |    16 |     8 |     4 ||    30
       Steam dragon scal |       |       |       |    10 ||    10
Dodge: Dodged            |    14 |     9 |    31 |    28 ||    82
